 Dungeon Sprint DCSS version 0.20-a0-1124-g2e29d97 (webtiles) character file.

17608 potatolord6000 the Warrior (level 12, -5/121 HPs)
             Began as a Barachi Fighter on May 16, 2017.
             Was an Initiate of Gozag.
             Slain by a deep troll earth mage (14 damage)
             ... in the Dungeon (Sprint IX: "|||||||||||||||||||||||||||||").
             The game lasted 00:09:43 (2184 turns).

potatolord6000 the Warrior (Barachi Fighter)        Turns: 2184, Time: 00:09:44

Health: -5/121     AC: 41    Str: 24    XL:     12   Next: 49%
Magic:  6/12       EV:  6    Int: 11    God:    Gozag
Gold:   1311       SH:  0    Dex: 21    Spells: 11/11 levels left

rFire    . . .     SeeInvis +   r - +1 morningstar of Famine {flame, +Fly Dex+4}
rCold    . . .     Gourm    .   (no shield)
rNeg     . . .     Faith    .   a - +7 crystal plate armour
rPois    .         Spirit   .   (helmet restricted)
rElec    .         Reflect  .   c - +0 cloak
rCorr    .         Harm     .   s - +2 pair of gloves {Dex+3}
MR       .....     NoTele   +   j - +0 pair of boots
Stlth    ..........             (no amulet)
Regen    0.3/turn               b - +3 ring of intelligence
MPRegen  0.2/turn               n - +3 ring of dexterity

@: flayed, gold aura, slow
A: +LOS, swims, beak, see invisible, slowness 1, strong legs 1
a: Hop, Potion Petition, Call Merchant, Bribe Branch, Renounce Religion, Evoke
Flight


You were in the Dungeon.
You worshipped Gozag.
Gozag was most pleased with you.
You were not hungry.

You visited 1 branch You collected 8333 gold pieces.
You spent 3387 gold pieces at shops.
You paid 3635 gold pieces to Gozag.

Inventory:

Hand Weapons
 o - a +4 dire flail of crushing
 r - the +1 morningstar of Famine (weapon) {flame, +Fly Dex+4}
   (You found it in the Dungeon)

   It has been specially enchanted to burn those struck by it, causing extra
   injury to most foes and up to half again as much damage against particularly
   susceptible opponents.
   It affects your dexterity (+4).
   It lets you fly.
Armour
 a - a +7 crystal plate armour (worn)
 c - a +0 cloak (worn)
 j - a +0 pair of boots (worn)
 s - a +2 pair of gloves of dexterity (worn)
Jewellery
 b - a +3 ring of intelligence (left hand)
 n - a +3 ring of dexterity (right hand)
Scrolls
 h - 2 scrolls of identify
 k - 2 scrolls of blinking
 l - 3 scrolls of remove curse
 m - 2 scrolls of amnesia
 q - 3 scrolls of recharging
 u - 2 scrolls of fear
Potions
 e - 3 potions of curing
 i - 4 potions of magic
 p - 2 potions of berserk rage
 t - 2 potions of heal wounds
Comestibles
 d - 40 fruits
 f - 12 bread rations
 g - 12 meat rations


   Skills:
 + Level 20.2 Fighting
 + Level 18.6 Maces & Flails
 + Level 20.1 Armour
   Level 5.8 Shields


You had 11 spell levels left.
You didn't know any spells.

Dungeon Overview and Level Annotations

Branches:
Dungeon (1/1)

Altars:
Cheibriados
Dithmenos
Elyvilon
Fedhas
Gozag
Hepliaklqana
Kikubaaqudgha
Makhleb
Nemelex Xobeh
Okawaru
Qazlal
Ru
Sif Muna
Trog
Uskayaw
Vehumet
Wu Jian
Xom
Yredelemnul
Zin
The Shining One
Beogh
Jiyva
Lugonu

Shops:
D [!*}[[[?


Innate Abilities, Weirdness & Mutations

Shadows flee at your approach. (+LOS)
You can swim through water.
You cover ground slowly.
You can hop short distances.
You have a beak for a mouth.
You have supernaturally acute eyesight. (SInv)


Message History

Unknown command.
You closely miss the deep troll earth mage.
You peck the deep troll earth mage, but do no damage.
The flayed ghost is distracted by the nearby gold.
The deep troll earth mage is distracted by the nearby gold.
The yaktaur simulacrum hits you.
* * * LOW HITPOINT WARNING * * *
The yaktaur simulacrum freezes you!!
* * * LOW HITPOINT WARNING * * *
You puncture the deep troll earth mage! You burn the deep troll earth mage.
The deep troll earth mage is no longer distracted by gold.
You peck the deep troll earth mage, but do no damage.
The deep troll earth mage is lightly wounded.
Unknown command.
You thump the deep troll earth mage! You burn the deep troll earth mage.
Your peck misses the deep troll earth mage.
The deep troll earth mage is moderately wounded.
The deep troll earth mage bites you!
You die...
Your body crumbles into a pile of gold.

▓▓▓▓▓▓▓▓▓▓▓▓▓▓▓▓▓▓▓▓▓▓▓▓▓
+...pDWT@Z$$.$$$$........
▓▓▓▓▓▓▓▓▓▓▓▓▓▓▓▓▓▓▓▓▓▓▓▓▓▓▓▓▓▓▓▓▓
.......).........................
▓▓▓▓▓▓▓▓▓▓▓▓▓▓▓▓▓▓▓▓▓▓▓▓▓▓▓▓▓▓▓▓▓
........'.....∩)∩)∩.∩))))))......
▓▓▓▓▓▓▓▓▓▓▓▓▓▓▓▓▓▓▓▓▓▓▓▓▓▓▓▓▓▓▓▓▓
.................................
▓▓▓▓▓▓▓▓▓▓▓▓▓▓▓▓▓▓▓▓▓▓▓▓▓▓▓▓▓▓▓▓▓
...'..[[.[..':...........'.......


You could see a fire dragon, a flayed ghost, a deep troll earth mage, a
necromancer and a yaktaur simulacrum.

Vanquished Creatures
  A stone giant (D)
  A hydra (D)
  A catoblepas (D)
  Erica (D)
  3 centaur warriors (D)
  5 death yaks (D)
  4 orc knights (D)
  6 orc sorcerers (D)
  2 ugly things (D)
  2 black mambas (D)
  A spiny frog (D)
  A komodo dragon (D)
  A yaktaur (D)
  An efreet (D)
  A hornet (D)
  A hippogriff (D)
  A wyvern (D)
  3 yaks (D)
  3 water moccasins (D)
  5 orc warriors (D)
  2 sky beasts (D)
  An eye of draining (D)
  5 crocodiles (D)
  5 bullfrogs (D)
  A wight (D)
  3 orc priests (D)
  A hound (D)
  An iguana (D)
  10 orc wizards (D)
  3 worker ants (D)
  An adder skeleton (D)
  A leopard gecko (D)
  11 orcs (D)
  A bat zombie (D)
  A giant cockroach (D)
  A hobgoblin (D)
  A ball python (D)
  A frilled lizard (D)
  A leopard gecko skeleton (D)
  2 rats (D)
97 creatures vanquished.

Vanquished Creatures (others)
  An adder skeleton (D)
1 creature vanquished.

Grand Total: 98 creatures vanquished

Notes
Turn   | Place    | Note
-------+----------+-------------------------------------------
     0 | D        | potatolord6000 the Barachi Fighter began the quest for the Orb.
     0 | D        | Reached XP level 1. HP: 18/18 MP: 1/1
    26 | D        | Noticed a sky beast
    43 | D        | Killed a sky beast
    43 | D        | Reached skill level 5 in Maces & Flails
    43 | D        | Reached skill level 5 in Shields
    43 | D        | Reached XP level 2. HP: 19/29 MP: 2/2
    43 | D        | Reached XP level 3. HP: 23/35 MP: 3/3
    43 | D        | Reached XP level 4. HP: 27/41 MP: 4/4
    67 | D        | Found a roughly hewn altar of Beogh.
    67 | D        | Found a snail-covered altar of Cheibriados.
    67 | D        | Found a shadowy altar of Dithmenos.
    67 | D        | Found a white marble altar of Elyvilon.
    67 | D        | Found a blossoming altar of Fedhas.
    67 | D        | Found an opulent altar of Gozag.
    67 | D        | Found a hazy altar of Hepliaklqana.
    68 | D        | Found a viscous altar of Jiyva.
    69 | D        | Found an ancient bone altar of Kikubaaqudgha.
    70 | D        | Found a corrupted altar of Lugonu.
    71 | D        | Found a burning altar of Makhleb.
    72 | D        | Found a sparkling altar of Nemelex Xobeh.
    73 | D        | Found an iron altar of Okawaru.
    74 | D        | Found a stormy altar of Qazlal.
    75 | D        | Became a worshipper of Gozag Ym Sagoz the Greedy
    76 | D        | Found a sacrificial altar of Ru.
    77 | D        | Found a deep blue altar of Sif Muna.
    78 | D        | Found a bloodstained altar of Trog.
    79 | D        | Found a hide-covered altar of Uskayaw.
    80 | D        | Found a radiant altar of Vehumet.
    81 | D        | Found an ornate altar of the Wu Jian Council.
    82 | D        | Found a shimmering altar of Xom.
    83 | D        | Found a basalt altar of Yredelemnul.
    84 | D        | Found a glowing silver altar of Zin.
    85 | D        | Found a glowing golden altar of the Shining One.
   158 | D        | Noticed a bullfrog
   161 | D        | Reached XP level 5. HP: 29/48 MP: 5/5
   179 | D        | Reached XP level 6. HP: 39/57 MP: 6/6
   305 | D        | Noticed a centaur warrior
   305 | D        | Noticed a seven-headed hydra
   305 | D        | Noticed a hornet
   305 | D        | Noticed a purple ugly thing
   305 | D        | Noticed a centaur warrior
   315 | D        | Killed a centaur warrior
   315 | D        | Reached skill level 10 in Maces & Flails
   315 | D        | Reached XP level 7. HP: 38/69 MP: 7/7
   315 | D        | Reached XP level 8. HP: 42/76 MP: 8/8
   318 | D        | Killed a purple ugly thing
   322 | D        | Killed a seven-headed hydra
   322 | D        | Reached XP level 9. HP: 26/85 MP: 9/9
   331 | D        | Killed a hornet
   340 | D        | Killed a centaur warrior
   660 | D        | Gained mutation: You are partially covered in slimy green scales. (AC +2) [potion of mutation]
   660 | D        | Gained mutation: You expend magic power (3 MP) to strengthen your wands. [potion of mutation]
   660 | D        | Gained mutation: Armour fits poorly on your strangely shaped body. [potion of mutation]
   660 | D        | Gained mutation: Your movements are slightly less encumbered by armour. (ER -2) [potion of mutation]
   661 | D        | Lost mutation: You expend magic power (3 MP) to strengthen your wands. [potion of mutation]
   661 | D        | Lost mutation: Armour fits poorly on your strangely shaped body. [potion of mutation]
   661 | D        | Gained mutation: Scrolls take you a little longer to read. [potion of mutation]
   661 | D        | Gained mutation: You are weak. (Str -2) [potion of mutation]
   661 | D        | Gained mutation: You have sharp toenails. [potion of mutation]
   662 | D        | Lost mutation: You are weak. (Str -2) [potion of mutation]
   662 | D        | Lost mutation: Scrolls take you a little longer to read. [potion of mutation]
   662 | D        | Lost mutation: You are partially covered in slimy green scales. (AC +2) [potion of mutation]
   662 | D        | Lost mutation: You have sharp toenails. [potion of mutation]
   662 | D        | Lost mutation: Your movements are slightly less encumbered by armour. (ER -2) [potion of mutation]
   662 | D        | Gained mutation: You are resistant to hostile enchantments. (MR+) [potion of mutation]
   662 | D        | Gained mutation: You are dopey. (Int -2) [potion of mutation]
   662 | D        | Gained mutation: You are robust. (+10% HP) [potion of mutation]
   701 | D        | Noticed a komodo dragon
   712 | D        | Reached skill level 15 in Fighting
   716 | D        | Reached skill level 15 in Armour
   716 | D        | Reached XP level 10. HP: 85/105 MP: 10/10
   746 | D        | Bought a pair of runed gloves for 202 gold pieces
   764 | D        | Noticed a black mamba
   764 | D        | Noticed a black mamba
   764 | D        | Noticed a spiny frog
   767 | D        | Killed a spiny frog
   771 | D        | Killed a black mamba
   779 | D        | Killed a black mamba
  1060 | D        | Noticed a death yak
  1060 | D        | Noticed a death yak
  1060 | D        | Noticed a death yak
  1060 | D        | Noticed a death yak
  1060 | D        | Noticed a death yak
  1061 | D        | Noticed a catoblepas
  1077 | D        | Killed a death yak
  1077 | D        | Reached skill level 15 in Maces & Flails
  1088 | D        | Killed a death yak
  1096 | D        | Killed a death yak
  1096 | D        | Reached XP level 11. HP: 23/117 MP: 11/11
  1110 | D        | Killed a death yak
  1119 | D        | Killed a death yak
  1124 | D        | Killed a catoblepas
  1192 | D        | Bought a shiny crystal plate armour for 2241 gold pieces
  1516 | D        | Noticed an orc knight
  1537 | D        | Killed an orc knight
  1679 | D        | Noticed an orc knight
  1686 | D        | Noticed an orc knight
  1691 | D        | Noticed an orc sorcerer
  1692 | D        | Noticed an orc sorcerer
  1706 | D        | Killed an orc knight
  1719 | D        | Killed an orc knight
  1720 | D        | Killed an orc sorcerer
  1725 | D        | Killed an orc sorcerer
  1810 | D        | Found Qimety's Antique Armour Boutique.
  1810 | D        | Noticed an orc sorcerer
  1812 | D        | Found Godi's Gadget Shop.
  1817 | D        | Noticed an orc sorcerer
  1828 | D        | Found Eqybre's Assorted Antiques.
  1832 | D        | Killed an orc sorcerer
  1835 | D        | Found Ididwieqidd's Distillery.
  1861 | D        | Noticed a sun demon
  1865 | D        | Killed an orc sorcerer
  1885 | D        | Noticed an orc sorcerer
  1888 | D        | Reached XP level 12. HP: 94/130 MP: 12/12
  1960 | D        | Bought a scroll of enchant armour for 180 gold pieces
  1960 | D        | Bought 3 scrolls of enchant armour for 540 gold pieces
  1962 | D        | Bought a potion of mutation for 112 gold pieces
  1962 | D        | Bought a potion of mutation for 112 gold pieces
  1962 | D        | Lost mutation: You are resistant to hostile enchantments. (MR+) [potion of mutation]
  1962 | D        | Lost mutation: You are robust. (+10% HP) [potion of mutation]
  1962 | D        | Gained mutation: You are agile. (Dex +2) [potion of mutation]
  1962 | D        | Gained mutation: You are very agile. (Dex +4) [potion of mutation]
  1963 | D        | Lost mutation: You are dopey. (Int -2) [potion of mutation]
  1963 | D        | Lost mutation: You are very agile. (Dex +4) [potion of mutation]
  1963 | D        | Lost mutation: You are agile. (Dex +2) [potion of mutation]
  1963 | D        | Gained mutation: You have a beak for a mouth. [potion of mutation]
  1963 | D        | Gained mutation: You have supernaturally acute eyesight. (SInv) [potion of mutation]
  1985 | D        | Noticed Erica
  1995 | D        | Killed Erica
  2090 | D        | Got the cursed +1 morningstar of Famine {flame, +Fly Dex+4}
  2141 | D        | Noticed a stone giant
  2144 | D        | Noticed a centaur warrior
  2145 | D        | Noticed a deep troll earth mage
  2155 | D        | Noticed a fire dragon
  2169 | D        | Killed a stone giant
  2179 | D        | Killed a centaur warrior
  2184 | D        | Slain by a deep troll earth mage

Vault maps used:
D:        linesprint

Skill      XL: |  1  2  3  4  5  6  7  8  9 10 11 12 |
---------------+-------------------------------------+-----
Armour         | 6 7 8 11 13 15 17 19 20 | 20.1
Fighting       | 6 7 8 11 13 15 17 19 20 | 20.2
Maces & Flails | 5 7 10 12 13 15 17 18 | 18.6
Shields        | 5 |  5.8

Action                   |  1- 3 |  4- 6 |  7- 9 | 10-12 || total
-------------------------+-------+-------+-------+-------++-------
Melee: Flail             |    30 |     9 |       |       ||    39
       Dire flail        |       |    28 |    44 |   289 ||   361
       Morningstar       |       |       |       |    41 ||    41
       Peck              |       |       |       |    22 ||    22
Invok: Call Merchant     |       |       |     1 |     3 ||     4
  Use: Potion            |     3 |     3 |     5 |     8 ||    19
       Scroll            |       |       |       |     9 ||     9
 Stab: Distracted        |       |       |     1 |     1 ||     2
       Invisible         |       |       |       |    13 ||    13
  Eat: Bread ration      |       |       |     1 |       ||     1
       Royal jelly       |       |       |       |     2 ||     2
Armor: Scale mail        |    10 |     3 |       |       ||    13
       Chain mail        |       |     9 |    17 |    24 ||    50
       Crystal plate arm |       |       |       |   111 ||   111
Dodge: Dodged            |     4 |    12 |    11 |    51 ||    78
Block: Shield            |     9 |       |       |       ||     9
